[Event "December 12 Early 2023"]
[Site "https://www.chess.com"]
[Date "2023.12.12"]
[Round "3"]
[White "Garrido, Denis"]
[Black "Maltsevskaya, Aleksandra"]
[Result "1-0"]
[Board "117"]
[TimeControl "180+1"]
[WhiteFideId "601217"]
[BlackFideId "24174041"]
[WhiteElo "2415"]
[BlackElo "2602"]
[WhiteTeam "FRA"]
[BlackTeam "POL"]
[WhiteClock "0:00:07"]
[BlackClock "0:00:00"]

1. d4 Nf6 2. c4 g6 3. Nc3 Bg7 4. Nf3 d6 5. Bf4 O-O 6. h3 b6 7. e3 Bb7 8. Be2 Nbd7 9. Qc2 e5 10. dxe5 dxe5 11. Bg3 Qe7 12. O-O e4 13. Nd2 Nc5 14. Rad1 Rad8 15. Nb5 c6 16. Nd4 Nd3 17. Bh4 c5 18. Nb5 Rfe8 19. a3 Qe5 20. Nc3 g5 21. Bg3 Qf5 22. f4 gxf4 23. exf4 Nh5 24. Bxh5 Qxh5 25. Ndxe4 Nxb2 26. Rxd8 Rxd8 27. Qxb2 Bxe4 28. Qe2 Bd4+ 29. Kh2 Qxe2 30. Nxe2 Bd3 31. Re1 Bxc4 32. Nxd4 cxd4 33. f5 f6 34. Bf4 d3 35. Bd2 Kf7 36. Re4 b5 37. Rh4 Kg7 38. Re4 Rd7 39. Kg3 Bd5 40. Rd4 Bc6 41. Rg4+ Kf7 42. Kf4 Rd4+ 43. Ke3 Rxg4 44. hxg4 1-0

[Event "December 12 Early 2023"]
[Site "https://www.chess.com"]
[Date "2023.12.12"]
[Round "3"]
[White "Tao, Sihan"]
[Black "Parra Gomez, Adrian"]
[Result "1-0"]
[Board "118"]
[TimeControl "180+1"]
[WhiteFideId "30982677"]
[BlackFideId "3513106"]
[WhiteElo "2600"]
[BlackElo "2412"]
[WhiteTeam "USA"]
[BlackTeam "CUB"]
[WhiteClock "0:00:34"]
[BlackClock "0:00:00"]

1. e4 c5 2. Nf3 d6 3. d4 cxd4 4. Nxd4 Nf6 5. Nc3 a6 6. Be3 e5 7. Nb3 Be7 8. f3 Be6 9. Qd2 O-O 10. O-O-O Nbd7 11. g4 b5 12. g5 b4 13. Qe2 bxc3 14. gxf6 cxb2+ 15. Kb1 Nxf6 16. Rg1 a5 17. Qg2 g6 18. Be2 Qc7 19. f4 Rfc8 20. Bd3 Ng4 21. Bd2 a4 22. Nd4 exd4 23. f5 Bxa2+ 24. Kxa2 Ne5 25. Qg3 Bf8 26. fxg6 fxg6 27. h4 Qf7+ 28. Kxb2 Rab8+ 29. Ka1 a3 30. Rb1 Rb2 31. Rxb2 axb2+ 32. Kxb2 Rb8+ 33. Kc1 Qa2 34. Kd1 Rb1+ 35. Ke2 Rxg1 36. Qxg1 Qf7 37. Qf2 Qxf2+ 38. Kxf2 Nxd3+ 39. cxd3 Bg7 40. Bb4 Be5 41. Kf3 Kf7 42. Kg4 h5+ 43. Kh3 Ke6 44. Bd2 Bf6 45. Kg3 Be5+ 46. Kf3 Kd7 47. Be1 Kc6 48. Ke2 Kb5 49. Kd1 Ka4 50. Kc2 Bf6 51. Bf2 Kb4 52. Be1+ Kc5 53. Kd2 d5 54. exd5 Kxd5 55. Ke2 g5 56. hxg5 Bxg5 57. Kf3 Ke5 58. Bg3+ Kf5 59. Bf2 Bf6 60. Bg3 h4 61. Bf2 Ke6 62. Kg4 Kd5 63. Bxh4 Bxh4 64. Kxh4 Kc5 65. Kg4 Kb4 66. Kf5 Kb3 67. Ke5 Kc3 68. Ke4 Kb4 69. Kxd4 Kb5 70. Kd5 Kb6 71. Kd6 Kb7 72. d4 Kc8 73. Ke7 Kc7 74. d5 1-0

[Event "December 12 Early 2023"]
[Site "https://www.chess.com"]
[Date "2023.12.12"]
[Round "3"]
[White "Principe, Gerson"]
[Black "Darmanin, Jake"]
[Result "1-0"]
[Board "119"]
[TimeControl "180+1"]
[WhiteFideId "3804550"]
[BlackFideId "5601061"]
[WhiteElo "2596"]
[BlackElo "2412"]
[WhiteTeam "PER"]
[BlackTeam "MLT"]
[WhiteClock "0:02:01"]
[BlackClock "0:01:53"]

1. Nf3 Nf6 2. g3 d5 3. Bg2 e6 4. O-O h6 5. b3 Bd6 6. Bb2 Nc6 7. d4 O-O 8. Nbd2 Re8 9. c4 dxc4 10. Nxc4 Be7 11. Rc1 Ne4 12. Qc2 Nd6 13. Rfd1 Nxc4 14. Qxc4 Bf6 15. e4 Be7 16. d5 exd5 17. exd5 Nb4 18. a3 Na6 19. b4 Bg4 20. Qxg4 1-0

[Event "December 12 Early 2023"]
[Site "https://www.chess.com"]
[Date "2023.12.12"]
[Round "3"]
[White "Xie, Bryan"]
[Black "Al-Tarboush, Ward"]
[Result "0-1"]
[Board "120"]
[TimeControl "180+1"]
[WhiteFideId "30941296"]
[BlackFideId "7601450"]
[WhiteElo "2411"]
[BlackElo "2596"]
[WhiteTeam "USA"]
[BlackTeam "NOR"]
[WhiteClock "0:00:04"]
[BlackClock "0:00:36"]

1. e4 e6 2. d4 d5 3. e5 c5 4. c3 Nc6 5. Nf3 Qb6 6. a3 Nh6 7. b4 cxd4 8. cxd4 Nf5 9. Bb2 Bd7 10. Be2 Be7 11. O-O O-O 12. Nc3 Ncxd4 13. Nxd4 Qxd4 14. Qxd4 Nxd4 15. Bg4 Nb3 16. Rad1 Rfd8 17. Rd3 a5 18. Nxd5 exd5 19. Bxd7 Rxd7 20. Rxb3 axb4 21. axb4 b5 22. Rc1 h5 23. f4 Ra4 24. Rc8+ Kh7 25. Rb8 d4 26. Kf2 d3 27. Ke1 Rxb4 28. Rxb5 Rxf4 29. Bc3 Re4+ 30. Kd1 Ra7 31. e6 fxe6 32. Rxh5+ Kg6 33. Rh3 Ra2 34. Rg3+ Bg5 35. Rb5 e5 36. Rxe5 Rxe5 37. Bxe5 Rd2+ 38. Ke1 Re2+ 39. Kd1 Rxe5 0-1

[Event "December 12 Early 2023"]
[Site "https://www.chess.com"]
[Date "2023.12.12"]
[Round "3"]
[White "Balla, Tamas-Kristof"]
[Black "Lund, Gunnar"]
[Result "0-1"]
[Board "121"]
[TimeControl "180+1"]
[WhiteFideId "1208497"]
[BlackFideId "1520814"]
[WhiteElo "2399"]
[BlackElo "2595"]
[WhiteTeam "ROU"]
[BlackTeam "NOR"]
[WhiteClock "0:01:04"]
[BlackClock "0:01:52"]

1. e4 e6 2. d4 d5 3. Nd2 Nf6 4. e5 Nfd7 5. Bd3 c5 6. c3 f6 7. exf6 Nxf6 8. Ne2 Nc6 9. Nf3 Bd6 10. O-O O-O 11. Bg5 Qe8 12. Re1 Ne4 13. Bxe4 dxe4 14. Ne5 Nxe5 15. dxe5 Bxe5 16. Ng3 Qg6 17. Be3 b6 18. a4 Ba6 19. Qb3 Bd3 20. a5 h5 21. axb6 axb6 22. Qxb6 h4 23. Nf1 h3 24. g3 Rab8 25. Qxc5 Qf6 26. Ra5 Qf3 0-1

[Event "December 12 Early 2023"]
[Site "https://www.chess.com"]
[Date "2023.12.12"]
[Round "3"]
[White "Mesquita, Eduardo Barbosa"]
[Black "Shubenkova, Veronika"]
[Result "0-1"]
[Board "122"]
[TimeControl "180+1"]
[WhiteFideId "22757163"]
[BlackFideId "44124040"]
[WhiteElo "2396"]
[BlackElo "2591"]
[WhiteTeam "BRA"]
[BlackTeam "RUS"]
[WhiteClock "0:00:03"]
[BlackClock "0:01:43"]

1. e4 e6 2. d4 d5 3. e5 c5 4. c3 Nc6 5. Nf3 Qb6 6. Be2 Bd7 7. O-O cxd4 8. cxd4 Nge7 9. Na3 Nf5 10. Nc2 Be7 11. Rb1 O-O 12. b4 f6 13. b5 Na5 14. exf6 Bxf6 15. Ba3 Be7 16. Bxe7 Nxe7 17. Ne5 Be8 18. Bd3 Rf6 19. Re1 Rc8 20. Ne3 Ng6 21. N3g4 Rf4 22. Nxg6 hxg6 23. Rb4 Nc4 24. Bxc4 dxc4 25. Ne5 Qxd4 26. Qc2 Qc5 27. a3 Rd4 28. h3 c3 29. Nxg6 Rd2 30. Ne7+ Qxe7 31. Qb3 Bf7 32. Rc4 Rxc4 33. Qxc4 Qf6 34. f3 Qd4+ 35. Qxd4 Rxd4 0-1

[Event "December 12 Early 2023"]
[Site "https://www.chess.com"]
[Date "2023.12.12"]
[Round "3"]
[White "Ozcan, Kaan"]
[Black "Manukian, Artak"]
[Result "0-1"]
[Board "123"]
[TimeControl "180+1"]
[WhiteFideId "34566422"]
[BlackFideId "13301373"]
[WhiteElo "2384"]
[BlackElo "2591"]
[WhiteTeam "TUR"]
[BlackTeam "ARM"]
[WhiteClock "0:00:13"]
[BlackClock "0:00:41"]

1. e4 c6 2. d4 d5 3. e5 Bf5 4. c4 e6 5. Nc3 Nd7 6. cxd5 cxd5 7. Nge2 h6 8. Ng3 Bg6 9. Bd3 Ne7 10. h4 Bxd3 11. Qxd3 Nc6 12. a3 Rc8 13. h5 Be7 14. O-O O-O 15. Nge2 a6 16. Qg3 Kh8 17. Rd1 b5 18. Bf4 Bg5 19. Bxg5 Qxg5 20. Qxg5 hxg5 21. f3 Nb6 22. b3 Na5 23. Rab1 Rc6 24. Kf2 Rfc8 25. Na2 R6c7 26. Nb4 Ra8 27. Ke3 Nd7 28. g4 Nf8 29. Rd3 f6 30. f4 gxf4+ 31. Nxf4 Kg8 32. Rf1 Nc6 33. Rc3 Rac8 34. Rfc1 fxe5 35. Nxc6 exf4+ 36. Kxf4 Kh7 37. Ke3 Nd7 38. Kd3 Nf6 39. Ne5 Rxc3+ 40. Rxc3 Rxc3+ 41. Kxc3 a5 42. b4 a4 43. Kd3 Kh6 44. Ke3 Kg5 45. Kf3 Ne4 46. Nf7+ Kf6 47. Ne5 Nd2+ 48. Kf4 Nc4 49. g5+ Ke7 50. h6 gxh6 51. gxh6 Kf6 52. Nxc4 dxc4 53. Ke4 Kg6 54. Ke5 c3 55. Kxe6 c2 56. d5 c1=Q 57. d6 Qe3+ 58. Kd7 Kxh6 59. Kc7 Qc3+ 60. Kb7 Qd4 61. Kc7 Qc4+ 62. Kb7 Qd5+ 63. Kc7 Qe5 64. Kc6 Qc3+ 65. Kxb5 Qd3+ 66. Kc6 Qxa3 67. d7 Qc3+ 68. Kb5 Qd3+ 69. Kc6 a3 70. b5 a2 71. b6 a1=Q 72. d8=Q Qxd8 73. Kb7 Qc3 74. Ka6 Qa8+ 75. Kb5 Qb3+ 76. Kc5 Qc8+ 77. Kd6 Qxb6+ 0-1

[Event "December 12 Early 2023"]
[Site "https://www.chess.com"]
[Date "2023.12.12"]
[Round "3"]
[White "Koridze, Lile"]
[Black "Vestby-Ellingsen, Mads"]
[Result "0-1"]
[Board "124"]
[TimeControl "180+1"]
[WhiteFideId "13612514"]
[BlackFideId "1520857"]
[WhiteElo "2378"]
[BlackElo "2581"]
[WhiteTeam "GEO"]
[BlackTeam "NOR"]
[WhiteClock "0:00:02"]
[BlackClock "0:00:06"]

1. d4 Nf6 2. c4 e6 3. Nf3 Bb4+ 4. Bd2 Qe7 5. a3 Bxd2+ 6. Qxd2 Nc6 7. Nc3 O-O 8. e4 d6 9. Bd3 e5 10. d5 Nb8 11. h3 a5 12. O-O Nh5 13. b4 Na6 14. Ne2 Qf6 15. Qg5 Qxg5 16. Nxg5 Bd7 17. Rfb1 Rfb8 18. c5 axb4 19. axb4 dxc5 20. Bxa6 bxa6 21. bxc5 Rxb1+ 22. Rxb1 a5 23. Rb7 a4 24. Rxc7 a3 25. Nc3 Nf4 26. Kf1 Bb5+ 27. Ke1 h6 28. Nxf7 a2 29. Nxa2 Rxa2 30. Nxe5 Re2+ 31. Kd1 Rxe4 32. Rc8+ Kh7 33. Nf7 Nxd5 34. Nd6 Rd4+ 35. Kc1 Bd7 36. Rd8 Nf6 37. Nf7 Rc4+ 38. Kd2 Rxc5 39. Ke3 Rc8 40. Rxc8 Bxc8 41. Kf4 Bb7 42. g4 Kg8 43. Ne5 Nd5+ 44. Kg3 Kf8 45. f4 Ke7 46. g5 h5 47. f5 Ba6 48. Kh4 Be2 49. Ng6+ Kf7 50. Ne5+ Ke7 51. Ng6+ Kd6 52. Kg3 Bd1 53. h4 Be2 54. Kf2 Bd1 55. Kg3 Ne7 56. f6 Nxg6 57. fxg7 Ne7 58. g6 Ke6 59. Kf4 Kf6 60. g8=Q Nxg8 61. Kg3 Kxg6 62. Kf4 Kf6 63. Kg3 Kf5 64. Kh2 Kg4 65. Kg1 Kxh4 0-1

[Event "December 12 Early 2023"]
[Site "https://www.chess.com"]
[Date "2023.12.12"]
[Round "3"]
[White "Nita, Lucian"]
[Black "Assylov, Miras"]
[Result "0-1"]
[Board "125"]
[TimeControl "180+1"]
[WhiteFideId "1206923"]
[BlackFideId "13728873"]
[WhiteElo "2375"]
[BlackElo "2580"]
[WhiteTeam "ROU"]
[BlackTeam "KAZ"]
[WhiteClock "0:00:03"]
[BlackClock "0:00:28"]

1. e4 g6 2. d3 Bg7 3. Nd2 c6 4. Ngf3 d5 5. Be2 e5 6. O-O Ne7 7. c3 O-O 8. Re1 Nd7 9. Bf1 Re8 10. b3 dxe4 11. dxe4 Nc5 12. Qc2 h6 13. Ba3 b6 14. Bxc5 bxc5 15. Nc4 Qc7 16. Rad1 Bg4 17. Be2 Nc8 18. h3 Be6 19. Nfd2 Nb6 20. Bg4 Bxc4 21. Nxc4 Nxc4 22. bxc4 h5 23. Be2 Bh6 24. Qa4 Rab8 25. Qa3 Qe7 26. Rb1 Rb6 27. Rb3 Reb8 28. Rd1 Bf8 29. Rd3 Qb7 30. Bd1 Qc7 31. Qc1 Rd8 32. Qd2 Rxd3 33. Qxd3 Rb8 34. Rxb8 Qxb8 35. Qd7 Qb1 36. Kh2 Qxe4 37. Bf3 Qf4+ 38. Kg1 e4 39. Be2 Qc1+ 40. Kh2 Qe1 41. Bd1 Qxf2 42. Qxc6 Bh6 43. Qe8+ Kh7 44. Kh1 Qf1+ 45. Kh2 Bf4+ 46. g3 Qf2+ 47. Kh1 Bxg3 48. Qxf7+ Qxf7 49. Bf3 Qxf3+ 0-1

[Event "December 12 Early 2023"]
[Site "https://www.chess.com"]
[Date "2023.12.12"]
[Round "3"]
[White "Espinoza Villanueva, Rodrigo"]
[Black "Melikhov, Evgeny V."]
[Result "1-0"]
[Board "126"]
[TimeControl "180+1"]
[WhiteFideId "5140188"]
[BlackFideId "4122046"]
[WhiteElo "2580"]
[BlackElo "2376"]
[WhiteTeam "MEX"]
[BlackTeam "GRE"]
[WhiteClock "0:00:18"]
[BlackClock "0:00:05"]

1. Nf3 f5 2. g3 Nf6 3. Bg2 g6 4. O-O Bg7 5. c4 d6 6. d4 O-O 7. b3 c6 8. Bb2 a5 9. a3 Na6 10. Nbd2 Bd7 11. Qc2 Qc7 12. Rfd1 Rae8 13. Rac1 e5 14. dxe5 dxe5 15. c5 e4 16. Nd4 Bc8 17. e3 Ng4 18. b4 axb4 19. axb4 Ne5 20. Qb3+ Kh8 21. Nc4 Nd3 22. Rxd3 exd3 23. Nd6 d2 24. Rd1 Re7 25. Rxd2 Bf6 26. h4 h5 27. Nf3 Bxb2 28. Qxb2+ Kh7 29. Ng5+ Kh6 30. Rd4 Be6 31. Qd2 Bg8 32. e4 fxe4 33. Ne6+ Kh7 34. Nxc7 Nxc7 35. Bxe4 Bd5 36. Rxd5 Nxd5 37. Bxd5 cxd5 38. Qxd5 Re1+ 39. Kg2 Re2 40. Ne4 Kh6 41. Qg5+ Kg7 42. Qe5+ Kh6 43. Qg5+ Kg7 44. Qe7+ Rf7 45. Qe5+ Kg8 46. Nf6+ Kg7 47. Nxh5+ Kh6 48. Qxe2 gxh5 49. Qe3+ Kg7 50. Qg5+ Kf8 51. Qxh5 1-0

[Event "December 12 Early 2023"]
[Site "https://www.chess.com"]
[Date "2023.12.12"]
[Round "3"]
[White "Zaksaite, Salomeja"]
[Black "Jaiveer Mahendru"]
[Result "0-1"]
[Board "127"]
[TimeControl "180+1"]
[WhiteFideId "12801496"]
[BlackFideId "25611151"]
[WhiteElo "2371"]
[BlackElo "2579"]
[WhiteTeam "LTU"]
[BlackTeam "IND"]
[WhiteClock "0:00:03"]
[BlackClock "0:01:17"]

1. e3 d5 2. f4 Nf6 3. Nf3 c5 4. b3 g6 5. Bb2 Bg7 6. d3 Nc6 7. Nbd2 O-O 8. Ne5 Nxe5 9. fxe5 Ng4 10. Nf3 Nxe3 11. Qe2 d4 12. c3 dxc3 13. Bxc3 Nd5 14. Bb2 b6 15. O-O-O Ba6 16. Kb1 b5 17. d4 c4 18. e6 c3 19. Bc1 Bc8 20. exf7+ Rxf7 21. Qxb5 Ba6 22. Qa4 c2+ 23. Kxc2 Rc8+ 24. Bc4 Bxc4 25. bxc4 Nb6 26. Qb3 Rxc4+ 27. Kb1 a5 28. Bb2 Rb4 29. Qe6 Nc4 30. Ng5 Rxb2+ 31. Ka1 Rb1+ 32. Kxb1 Qb8+ 33. Kc2 Qb2+ 34. Kd3 Qxd4+ 35. Kc2 Qc3+ 36. Kb1 Qb2# 0-1

[Event "December 12 Early 2023"]
[Site "https://www.chess.com"]
[Date "2023.12.12"]
[Round "3"]
[White "Diaz, Fernando"]
[Black "Kuzmin, Roman"]
[Result "0-1"]
[Board "128"]
[TimeControl "180+1"]
[WhiteFideId "3701255"]
[BlackFideId "44134932"]
[WhiteElo "2362"]
[BlackElo "2578"]
[WhiteTeam "PAR"]
[BlackTeam "RUS"]
[WhiteClock "0:00:03"]
[BlackClock "0:00:07"]

1. e4 c5 2. d4 cxd4 3. c3 dxc3 4. Nxc3 d6 5. Bc4 a6 6. Nf3 Nc6 7. O-O Nf6 8. h3 e6 9. Qe2 Be7 10. Rd1 Qc7 11. Bb3 O-O 12. Bf4 Ne5 13. Rac1 Qb8 14. Nd4 Bd7 15. Be3 Nc6 16. Nf3 b5 17. Ng5 h6 18. Nf3 Qb7 19. g4 b4 20. Na4 Nxe4 21. Nb6 Rad8 22. Nxd7 Rxd7 23. Bxh6 d5 24. Be3 f5 25. gxf5 Rxf5 26. Rxc6 Qxc6 27. Nd4 Qb7 28. Nxf5 exf5 29. Bf4 Bc5 30. Be3 Bxe3 31. Qxe3 Kf8 32. f3 Nf6 33. Qe6 Re7 34. Qxf5 Qb6+ 35. Kf1 Qe3 36. Qd3 Qh6 37. Qd2 Qxh3+ 38. Qg2 Qxg2+ 39. Kxg2 Re2+ 40. Kg3 Rxb2 41. Rd4 a5 42. Kf4 Ke7 43. Ke5 Re2+ 44. Kf5 Kd6 45. Rd1 Re3 46. Rc1 Rxf3+ 47. Kg6 Rg3+ 48. Kf7 Ne4 49. Rc8 Nc3 50. Rd8+ Kc5 51. Rc8+ Kd4 52. Ke6 a4 53. Bc2 Rg6+ 54. Bxg6 Nxa2 55. Rd8 Nc3 56. Kd6 a3 57. Ra8 a2 58. Bf7 b3 59. Ra5 b2 60. Bxd5 Nxd5 61. Rxd5+ Ke4 62. Re5+ Kf4 63. Rb5 b1=Q 64. Rxb1 axb1=Q 0-1

[Event "December 12 Early 2023"]
[Site "https://www.chess.com"]
[Date "2023.12.12"]
[Round "3"]
[White "Taboas Rodriguez, Daniel"]
[Black "Gallegos Diaz, Carlos Alberto"]
[Result "1-0"]
[Board "129"]
[TimeControl "180+1"]
[WhiteFideId "2208466"]
[BlackFideId "3900886"]
[WhiteElo "2578"]
[BlackElo "2361"]
[WhiteTeam "ESP"]
[BlackTeam "VEN"]
[WhiteClock "0:00:45"]
[BlackClock "0:00:04"]

1. d4 d6 2. Nf3 Nf6 3. c4 Nbd7 4. Nc3 e5 5. e4 Be7 6. Be2 O-O 7. O-O exd4 8. Nxd4 Re8 9. Be3 Bf8 10. f3 h6 11. Qd2 c6 12. Rad1 Qc7 13. Bf4 Ne5 14. Rfe1 a6 15. Bf1 b5 16. cxb5 axb5 17. a3 Bd7 18. Rc1 Qb7 19. Nd1 c5 20. Nf5 Bxf5 21. exf5 Ra4 22. Nc3 Rd4 23. Qe3 Nxf3+ 24. Qxf3 Qxf3 25. gxf3 Rxe1 26. Rxe1 Rxf4 27. Bxb5 Rxf3 28. a4 d5 29. a5 d4 30. Ne4 Nxe4 31. Rxe4 d3 32. Re8 d2 33. Rd8 c4 34. Bxc4 Rxf5 35. a6 d1=Q+ 36. Rxd1 Rc5 37. b3 Rc7 38. Rd8 g6 39. Kf2 Kg7 40. Ke3 Bc5+ 41. Ke4 Be7 42. Rb8 f5+ 43. Kd5 Kf6 44. Rb7 Rc5+ 45. Kd4 Ra5 46. b4 Ra4 47. b5 f4 48. b6 f3 49. Ke3 Rxc4 50. a7 Bc5+ 51. Kxf3 Ra4 52. Rb8 Bxb6 53. a8=Q Kf5 54. Qxa4 1-0

[Event "December 12 Early 2023"]
[Site "https://www.chess.com"]
[Date "2023.12.12"]
[Round "3"]
[White "Zeneli, Klendi"]
[Black "Hajiyev, Kanan"]
[Result "1-0"]
[Board "130"]
[TimeControl "180+1"]
[WhiteFideId "4706609"]
[BlackFideId "13404148"]
[WhiteElo "2344"]
[BlackElo "2577"]
[WhiteTeam "ALB"]
[BlackTeam "AZE"]
[WhiteClock "0:00:48"]
[BlackClock "0:00:23"]

1. e4 c6 2. d4 d5 3. e5 a6 4. Bd3 c5 5. dxc5 e6 6. b4 Nc6 7. c3 Nxe5 8. Nf3 Nxd3+ 9. Qxd3 Nf6 10. O-O Be7 11. Bf4 O-O 12. Nbd2 Bd7 13. Rfd1 Ba4 14. Nb3 a5 15. Rd2 Bxb3 16. axb3 axb4 17. Rxa8 Qxa8 18. cxb4 Ne4 19. Rd1 Qa3 20. Bd2 Bf6 21. Be1 Ra8 22. Qb5 Qxb3 23. Qxb7 Rf8 24. Rc1 Qb2 25. Rd1 Nxc5 26. Qc6 Ne4 27. b5 Bc3 28. b6 Bxe1 29. Rxe1 Qxf2+ 30. Kh1 Rb8 31. b7 Qa7 32. Qc8+ 1-0

[Event "December 12 Early 2023"]
[Site "https://www.chess.com"]
[Date "2023.12.12"]
[Round "3"]
[White "Munoz Sanchez, Miguel"]
[Black "Aghasiyev, Kamal"]
[Result "0-1"]
[Board "131"]
[TimeControl "180+1"]
[WhiteFideId "3600734"]
[BlackFideId "13402854"]
[WhiteElo "2343"]
[BlackElo "2565"]
[WhiteTeam "ECU"]
[BlackTeam "AZE"]
[WhiteClock "0:01:13"]
[BlackClock "0:01:15"]

1. e4 e5 2. Nf3 Nc6 3. d4 exd4 4. Bc4 Bc5 5. c3 Nf6 6. cxd4 Bb4+ 7. Nbd2 Bxd2+ 8. Bxd2 Nxe4 9. d5 Ne7 10. O-O Nxd2 11. Qxd2 d6 12. Rfe1 O-O 13. Bd3 Bg4 14. Ng5 h6 15. Qf4 Qd7 16. Bh7+ Kh8 17. Nxf7+ Kxh7 18. Qe4+ Bf5 19. Qxe7 Rxf7 20. Qh4 Re8 21. Re3 Rxe3 22. fxe3 Qe7 23. h3 Qxh4 0-1

[Event "December 12 Early 2023"]
[Site "https://www.chess.com"]
[Date "2023.12.12"]
[Round "3"]
[White "Botea, David-Alexandru"]
[Black "Martinez Fernandez, Adrian"]
[Result "1-0"]
[Board "132"]
[TimeControl "180+1"]
[WhiteFideId "1263293"]
[BlackFideId "32049048"]
[WhiteElo "2342"]
[BlackElo "2564"]
[WhiteTeam "ROU"]
[BlackTeam "ESP"]
[WhiteClock "0:00:30"]
[BlackClock "0:00:37"]

1. c4 b6 2. Nf3 Bb7 3. g3 e5 4. Bg2 Be7 5. O-O d6 6. Nc3 Nd7 7. d4 h5 8. e4 h4 9. Nd5 hxg3 10. fxg3 Bxd5 11. exd5 Bf6 12. dxe5 Nxe5 13. Qe2 Qe7 14. Nxe5 Bxe5 15. Be3 Nf6 16. Rae1 O-O-O 17. c5 dxc5 18. Qa6+ Kb8 19. Bf4 Bd4+ 20. Kh1 Qd7 21. d6 c6 22. Re7 Nd5 23. Rxd7 Rxd7 24. Bxd5 cxd5 25. Qb5 Rhd8 26. Re1 Bf6 27. Re8 Kb7 28. Rxd8 Rxd8 29. a4 g5 30. Be3 d4 31. Bd2 Rxd6 32. Qe8 Ka6 33. Qc8# 1-0

[Event "December 12 Early 2023"]
[Site "https://www.chess.com"]
[Date "2023.12.12"]
[Round "3"]
[White "Hercegovac, Neven"]
[Black "Vakhidov, Shahzod"]
[Result "1-0"]
[Board "133"]
[TimeControl "180+1"]
[WhiteFideId "2839135"]
[BlackFideId "14205270"]
[WhiteElo "2338"]
[BlackElo "2560"]
[WhiteTeam "ITA"]
[BlackTeam "UZB"]
[WhiteClock "0:00:08"]
[BlackClock "0:00:03"]

1. d4 Nf6 2. Nc3 d5 3. Bf4 g6 4. e3 Bg7 5. Nb5 Na6 6. h3 Bf5 7. Nf3 O-O 8. Bd3 Bxd3 9. cxd3 c6 10. Nc3 Nd7 11. O-O Re8 12. a3 e5 13. dxe5 Nxe5 14. Nxe5 Bxe5 15. Bxe5 Rxe5 16. d4 Re7 17. b4 Nc7 18. Qd3 a6 19. a4 Qd6 20. Rab1 Ne6 21. Rfc1 h5 22. b5 axb5 23. axb5 Ng7 24. bxc6 bxc6 25. Ne2 Nf5 26. Rb6 Ra3 27. Qc2 Nxe3 28. fxe3 Raxe3 29. Rxc6 Qb4 30. Rxg6+ Kf8 31. Rh6 R7e4 32. Qc8+ Re8 33. Qf5 Rxe2 34. Rh8+ Kg7 35. Rh7+ 1-0

[Event "December 12 Early 2023"]
[Site "https://www.chess.com"]
[Date "2023.12.12"]
[Round "3"]
[White "Farahat, Ali"]
[Black "Sarkar, Justin"]
[Result "1-0"]
[Board "134"]
[TimeControl "180+1"]
[WhiteFideId "10600507"]
[BlackFideId "2010011"]
[WhiteElo "2559"]
[BlackElo "2327"]
[WhiteTeam "USA"]
[BlackTeam "USA"]
[WhiteClock "0:01:37"]
[BlackClock "0:00:00"]

1. d4 f5 2. Bg5 Nf6 3. Nc3 c6 4. Bxf6 exf6 5. e3 d5 6. Bd3 Bd6 7. Qf3 g6 8. h4 h5 9. Nh3 Nd7 10. Nf4 Nf8 11. O-O-O Kf7 12. Kb1 Ne6 13. Nxg6 Kxg6 14. Bxf5+ Kf7 15. e4 Ng7 16. Bxc8 Rxc8 17. exd5 Bb4 18. Ne4 cxd5 19. Ng5+ Kg8 20. Nh3 Bd6 21. Rhe1 1-0

[Event "December 12 Early 2023"]
[Site "https://www.chess.com"]
[Date "2023.12.12"]
[Round "3"]
[White "Barbot, Pierre"]
[Black "Shuvalov, Evgenij"]
[Result "0-1"]
[Board "136"]
[TimeControl "180+1"]
[WhiteFideId "663727"]
[BlackFideId "4187237"]
[WhiteElo "2318"]
[BlackElo "2558"]
[WhiteTeam "FRA"]
[BlackTeam "FID"]
[WhiteClock "0:00:00"]
[BlackClock "0:01:52"]

1. e4 e6 2. d4 d5 3. Nc3 Bb4 4. e5 c5 5. a3 Bxc3+ 6. bxc3 Ne7 7. Qg4 Qc7 8. Qxg7 Rg8 9. Qxh7 cxd4 10. Ne2 Nbc6 11. cxd4 Nxd4 12. Ra2 Nxe2 13. Bxe2 Rxg2 14. Kf1 Rg8 15. h4 Bd7 16. Bg5 Qxe5 17. Rh3 Rh8 18. Qd3 f6 19. Re3 Qf5 20. Rf3 Qxd3 21. Bxd3 fxg5 0-1

[Event "December 12 Early 2023"]
[Site "https://www.chess.com"]
[Date "2023.12.12"]
[Round "3"]
[White "Yelisieiev, Yevhenii"]
[Black "Ruge, Edison"]
[Result "1-0"]
[Board "137"]
[TimeControl "180+1"]
[WhiteFideId "14139642"]
[BlackFideId "4401000"]
[WhiteElo "2556"]
[BlackElo "2316"]
[WhiteTeam "GER"]
[BlackTeam "COL"]
[WhiteClock "0:01:00"]
[BlackClock "0:00:08"]

1. d4 d5 2. Nf3 e6 3. c4 c6 4. Nc3 f5 5. g3 Nf6 6. Bg2 Be7 7. O-O O-O 8. Bf4 Bd7 9. Ne5 Be8 10. Rb1 Nbd7 11. b4 Nxe5 12. Bxe5 Ne4 13. Qc2 Nxc3 14. Qxc3 Bf6 15. b5 Bxe5 16. dxe5 cxb5 17. cxd5 Rc8 18. Qb3 exd5 19. Bxd5+ Kh8 20. Bxb7 Rc7 21. Bd5 f4 22. Rbd1 Qe7 23. e6 Bh5 24. Qd3 Rd8 25. Qe4 fxg3 26. hxg3 Bg6 27. Qe5 Rc2 28. Bb3 Rcd2 29. Rxd2 Rxd2 30. Rc1 h5 31. Rc7 Qf6 32. Qxf6 gxf6 33. e3 Rd8 34. Rxa7 Be4 35. e7 Rc8 36. f3 Bg6 37. Rd7 Re8 38. Rd8 Kg7 39. Rxe8 Bxe8 40. e4 1-0

[Event "December 12 Early 2023"]
[Site "https://www.chess.com"]
[Date "2023.12.12"]
[Round "3"]
[White "Tarasova, Viktoriya"]
[Black "Kononenko, Dmitry"]
[Result "0-1"]
[Board "138"]
[TimeControl "180+1"]
[WhiteFideId "4175840"]
[BlackFideId "14113538"]
[WhiteElo "2317"]
[BlackElo "2546"]
[WhiteTeam "RUS"]
[BlackTeam "UKR"]
[WhiteClock "0:00:04"]
[BlackClock "0:01:04"]

1. d4 Nf6 2. c4 c5 3. d5 b5 4. cxb5 a6 5. bxa6 g6 6. Nc3 Bg7 7. Nf3 O-O 8. e4 Qa5 9. Bd2 Bxa6 10. Be2 Bxe2 11. Qxe2 Qa6 12. Qxa6 Nxa6 13. Ke2 e6 14. dxe6 fxe6 15. Bg5 Rfb8 16. Rab1 Nb4 17. a3 Nc6 18. Rhd1 h6 19. Bf4 Rb3 20. e5 Ng4 21. Rxd7 Ngxe5 22. Nxe5 Nxe5 23. Bxe5 Bxe5 24. Ne4 c4 25. f4 Bxb2 26. Rc7 c3 27. Nf6+ Kf8 28. Nh7+ Ke8 29. Nf6+ Kd8 30. Rd7+ Kc8 31. Kd3 c2+ 32. Kxc2 Bxf6 33. Rxb3 Kxd7 34. Rb7+ Kd6 35. Rb6+ Kd5 36. Kb3 Bd4 37. Rb5+ Bc5 38. a4 Rf8 39. g3 g5 40. fxg5 Rf3+ 41. Kc2 hxg5 42. Rb7 Rf2+ 43. Kb3 Rxh2 44. a5 Rh3 45. a6 Rxg3+ 46. Ka4 Ra3+ 47. Kb5 Rb3+ 0-1

[Event "December 12 Early 2023"]
[Site "https://www.chess.com"]
[Date "2023.12.12"]
[Round "3"]
[White "Santos Flores, Alberto"]
[Black "Marcziter, Dmitrii"]
[Result "1-0"]
[Board "139"]
[TimeControl "180+1"]
[WhiteFideId "3601234"]
[BlackFideId "13900765"]
[WhiteElo "2546"]
[BlackElo "2313"]
[WhiteTeam "ECU"]
[BlackTeam "GER"]
[WhiteClock "0:02:46"]
[BlackClock "0:01:05"]

1. e4 e5 2. Nf3 Nc6 3. Bc4 Bc5 4. O-O Nf6 5. d4 Bxd4 6. Nxd4 Nxd4 7. Bg5 h6 8. Bh4 g5 9. f4 gxf4 10. Rxf4 exf4 11. Qxd4 O-O 12. Bxf6 Qe8 13. e5 d5 14. Qxf4 dxc4 15. Qg3+ 1-0

[Event "December 12 Early 2023"]
[Site "https://www.chess.com"]
[Date "2023.12.12"]
[Round "3"]
[White "Ernst, Luca"]
[Black "Sharapov, Evgeny"]
[Result "1-0"]
[Board "141"]
[TimeControl "180+1"]
[WhiteFideId "45117055"]
[BlackFideId "14103133"]
[WhiteElo "2295"]
[BlackElo "2541"]
[WhiteTeam "FRA"]
[BlackTeam "UKR"]
[WhiteClock "0:00:58"]
[BlackClock "0:01:37"]

1. Nf3 c5 2. g3 Nc6 3. Bg2 e5 4. d3 g6 5. O-O Bg7 6. c4 Nge7 7. Nc3 d6 8. Bg5 O-O 9. Rb1 a5 10. a3 f6 11. Bd2 Be6 12. Qc1 Rb8 13. Ne4 b6 14. b4 axb4 15. axb4 cxb4 16. Bxb4 Nxb4 17. Rxb4 d5 18. Ned2 Qd6 19. Qb1 Rfc8 20. Rc1 Bf8 21. Rb2 Bh6 22. e3 d4 23. Ne4 Qc7 24. exd4 Bxc1 25. Qxc1 Kg7 26. dxe5 fxe5 27. Rb5 Nc6 28. Qc3 Bf5 29. Nxe5 Nxe5 30. Rxe5 Bxe4 31. Re7+ 1-0